 Dungeon Crawl Stone Soup version 0.27-a0-1060-gcb85b5eba1 (webtiles) character file.

Game seed: 2828116708199533558

37 tilp the Sneak (level 3, -1/19 HPs)
             Began as a Vine Stalker Brigand on Apr 21, 2021.
             Killed by nerve-wracking pain
             ... invoked by Jessica
              (10 damage)
             ... on level 2 of the Dungeon.
             The game lasted 00:01:29 (944 turns).

tilp the Sneak (Vine Stalker Brigand)                Turns: 944, Time: 00:01:30

Health: -1/19      AC: 13    Str: 13    XL:     3   Next: 41%
Magic:  0/4        EV:  9    Int: 11    God:
Gold:   37         SH:  0    Dex: 16    Spells: 2/2 levels left

rFire    . . .     SeeInvis .   a - +2 dagger
rCold    . . .     Faith    .   (no shield)
rNeg     . . .     Spirit   +   h - +0 scale mail
rPois    .         Reflect  .   (no helmet)
rElec    .         Harm     .   c - +0 cloak
rCorr    .         Rampage  .   b - +0 pair of gloves
Will     .....                  k - +0 pair of boots
Stlth    ++........             (no amulet)
HPRegen  0.06/turn              m - +4 ring of protection
MPRegen  0.09/turn              (no ring)

@: no status effects
A: fangs 2, magic shield, antimagic bite, no potion heal 2
a: no special abilities


You were on level 2 of the Dungeon.
You visited 1 branch of the dungeon, and saw 2 of its levels.

You collected 37 gold pieces.

Inventory:

Hand Weapons
 a - a +2 dagger (weapon)
Missiles
 d - 8 poisoned darts (quivered)
 e - 2 curare-tipped darts {!f}
Armour
 b - a +0 pair of gloves (worn)
 c - a +0 cloak (worn)
 g - a +0 ring mail
 h - a +0 scale mail (worn)
 k - a +0 pair of boots (worn)
 l - a +0 chain mail
Jewellery
 f - a ring of ice
 m - a +4 ring of protection (left hand)
Potions
 i - 2 potions of curing {unknown}
 j - a potion of lignification {unknown}


   Skills:
 + Level 2.6 Fighting
 + Level 2.6 Short Blades
 - Level 1.7 Throwing
 - Level 0.7 Dodging
 - Level 4.8 Stealth


You had 2 spell levels left.
You didn't know any spells.
Your spell library contained the following spells:

 Spells                   Type           Power      Damage    Failure   Level
 Magic Dart               Conj           0%         1d3       87%         1
 Searing Ray              Conj           0%         3d3       95%         2
 Dazzling Flash           Conj/Hex       0%         N/A       99%         3
 Fulminant Prism          Conj/Hex       0%         3d6       100%        4
 Iskenderun's Mystic Bla  Conj/Tloc      0%         2d3       100%        4


Dungeon Overview and Level Annotations

Branches:
Dungeon (2/15)

Altars:
Wu Jian

Annotations:
D:2 Jessica


Innate Abilities, Weirdness & Mutations

You have extremely sharp teeth.
When hurt, damage is shared between your health and your magic reserves.
Your bite disrupts and absorbs the magic of your enemies.
Potions cannot restore your health.


Message History

An endoplasm comes into view.
The endoplasm quivers.
You hit the endoplasm but do no damage.
You bite the endoplasm, but do no damage.
The endoplasm hits you but does no damage.
You barely miss the endoplasm. The endoplasm hits you.
You hit the endoplasm.
The endoplasm is severely wounded.
The endoplasm hits you but does no damage.
You hit the endoplasm.
You kill the endoplasm!
Found a fuming cyan potion.
Jessica shouts!
Jessica casts a spell at you. Pain shoots through your body!
You hit Jessica.
Jessica is lightly wounded.
You hit Jessica.
Jessica is heavily wounded.
Jessica gestures wildly while chanting.
Jessica blinks!
Jessica gestures at you while chanting. Pain shoots through your body!
You barely miss Jessica. Your bite misses Jessica.
Jessica is heavily wounded.
Jessica barely misses you.
You closely miss Jessica.
Jessica is heavily wounded.
Jessica mumbles some strange words.
Jessica seems to speed up.
You hit Jessica. Your bite misses Jessica.
Jessica is heavily wounded.
Jessica closely misses you.
You hit Jessica. You bite Jessica.
Jessica's magic leaks into the air.
You drain her magic.
You feel invigorated.
Jessica is almost dead.
Jessica casts a spell at you. Pain shoots through your body!
Ouch! That really hurt!
You die...

# #...##.##.##....... .
######.........†...... ..
.......#.......#.#.#.##.
........................
.....†..###...##.#...#.#
.......## ###.##.#...#.#
.......#### #.##.#.....#
..........# #..#......##
.......##.####..@......#
.(.....##........@.!...#
######....####...........
####.###.............
#.<#...........##.
#...............#
#................
#....#########.. #......


You could see Jessica (fast).

Vanquished Creatures
  An adder (D:2)
  3 dart slugs
  4 endoplasms
  A goblin (D:1)
  2 kobolds
  2 quokkas (D:2)
  A ball python (D:1)
  4 bats
  3 frilled lizards (D:1)
  A rat (D:1)
22 creatures vanquished.

Notes
Turn   | Place    | Note
-------+----------+-------------------------------------------
     0 | D:1      | tilp the Vine Stalker Brigand began the quest for the Orb.
     0 | D:1      | Reached XP level 1. HP: 11/11 MP: 2/2
   114 | D:1      | Reached XP level 2. HP: 14/15 MP: 3/3
   759 | D:2      | Found an ornate altar of the Wu Jian Council.
   794 | D:2      | Reached XP level 3. HP: 18/19 MP: 4/4
   908 | D:2      | Noticed Jessica
   944 | D:2      | Killed from afar by Jessica

Illustrated notes

Levels and vault maps discovered:
D:1:      lightli_arrival_boilingwater, layout_basic
D:2:      layout_rooms, basic_altar, uniq_terence, uniq_jessica

Skill      XL: |  1 |
---------------+----+-----
Fighting       | 2 |  2.6
Short Blades   | 2 |  2.6
Throwing       | |  1.7
Dodging        | |  0.7
Stealth        | |  4.8

Action                   || total
-------------------------++-------
Melee: Dagger            ||    71
       Bite              ||    13
Throw: Dart              ||     1
  Use: Scroll            ||     1
 Stab: Sleeping          ||     2
Armor: Ring mail         ||    18
       Robe              ||     1
       Scale mail        ||    13
Dodge: Dodged            ||    35

Table legend: (Time is in decaauts)
 A = Elapsed time spent in this place.
 B = Non-inter-level travel time spent in this place.
 C = Inter-level travel time spent in this place.
 D = Time resting spent in this place.
 E = Time spent auto-exploring this place.
 F = Levels seen in this place.
 G = Mean time per level.
                   A        B        C        D        E       F      G
               +--------+--------+--------+--------+--------+-----+--------+
         Total |    938 |    886 |     52 |     10 |    649 |   2 |  469.0 |
       Dungeon |    938 |    886 |     52 |     10 |    649 |   2 |  469.0 |
               +--------+--------+--------+--------+--------+-----+--------+

Top non-repeatable levels by time:
     D:1: 705 daAuts
     D:2: 232 daAuts
